 Dungeon Crawl Stone Soup version 0.28.0 (webtiles) character file.

Game seed: 2066208815944057209

28 Findor the Bolt Thrower (level 3, 0/21 HPs)
             Began as a Kobold Hunter on Feb 15, 2022.
             Slain by Sigmund (1 damage)
             ... on level 2 of the Dungeon.
             The game lasted 00:02:52 (1964 turns).

Findor the Bolt Thrower (Kobold Hunter)             Turns: 1964, Time: 00:02:52

Health: 0/21       AC:  3    Str: 11    XL:     3   Next: 30%
Magic:  3/3        EV: 14    Int: 12    God:
Gold:   35         SH:  0    Dex: 15    Spells: 2/2 levels left

rFire   . . .      SeeInvis .   a - +1 hand crossbow
rCold   . . .      Faith    .   (no shield)
rNeg    . . .      Spirit   .   c - +0 leather armour
rPois   .          Reflect  .   (no helmet)
rElec   .          Harm     .   (no cloak)
rCorr   .          Rampage  .   (no gloves)
Will    .....                   (no boots)
Stlth   +++.......              (no amulet)
HPRegen 0.07/turn               (no ring)
MPRegen 0.08/turn               (no ring)

@: no status effects
A: small, no large weapons, nightstalker 3
a: no special abilities


You were on level 2 of the Dungeon.
You visited 1 branch of the dungeon, and saw 2 of its levels.

You collected 35 gold pieces.


Innate Abilities, Weirdness & Mutations

You are small and have problems with some larger weapons.
You are completely attuned to the shadows.


   Skills:
 - Level 2.1 Fighting
 * Level 2.4 Short Blades
 + Level 5.1 Crossbows
 - Level 2.4 Dodging
 + Level 2.4 Stealth


You had 2 spell levels left.
You didn't know any spells.
Your spell library was empty.

Inventory:

Hand Weapons
 a - a +1 hand crossbow (weapon)
 b - a +0 short sword
Missiles
 d - 9 bolts (quivered ammo)
Armour
 c - a +0 leather armour (worn)
Scrolls
 f - a scroll of enchant armour {unknown}
 h - a scroll of fear {unknown}
Potions
 e - a potion of invisibility {unknown}
 g - a potion of lignification {unknown}


Message History

Sigmund shouts!
The bolt hits Sigmund!
Fire: 18 bolts
Press: ? - help, Q - select action Shift-Dir - straight line, f/p - Sigmund
Aim: Sigmund, wielding a +0 scythe and wearing a +0 robe (moderately wounded, 63% to hit)
You shoot a bolt.
The bolt hits Sigmund but does no damage.
Sigmund points at you and mumbles some strange words.
You resist with significant effort.
Fire: 17 bolts
Press: ? - help, Q - select action Shift-Dir - straight line, f/p - Sigmund
Aim: Sigmund, wielding a +0 scythe and wearing a +0 robe (moderately wounded, 63% to hit)
You shoot a bolt. The bolt hits Sigmund.
Sigmund completely misses you.
You shoot a bolt. The bolt hits Sigmund!
Sigmund points at you and mumbles some strange words.
The magic dart hits you.
You shoot a bolt. The bolt barely misses Sigmund.
Sigmund points at you and mumbles some strange words.
The puff of flame hits you.
* * * LOW HITPOINT WARNING * * *
Fire: 14 bolts
Press: ? - help, Q - select action Shift-Dir - straight line, f/p - Sigmund
Aim: Sigmund, wielding a +0 scythe and wearing a +0 robe (severely wounded, 63% to hit)
You shoot a bolt. The bolt hits Sigmund.
Sigmund gestures at you while chanting.
You are confused.
Non-targeted confused fire: 13 bolts
Press: ? - help, Q - select action Dir - look around, f - activate You shoot a bolt.
Sigmund hits you from afar with a +0 scythe!
* * * LOW HITPOINT WARNING * * *
Non-targeted confused fire: 12 bolts
Press: ? - help, Q - select action Dir - look around, f - activate Look: Sigmund, wielding a +0 scythe and wearing a +0 robe (almost dead)
You shoot a bolt. Sigmund closely misses you.
Non-targeted confused fire: 11 bolts
Press: ? - help, Q - select action Dir - look around, f - activate Look: Sigmund, wielding a +0 scythe and wearing a +0 robe (almost dead)
You shoot a bolt. Sigmund looks at you with fury. Sigmund misses you.
Non-targeted confused fire: 10 bolts
Press: ? - help, Q - select action Dir - look around, f - activate Look: Sigmund, wielding a +0 scythe and wearing a +0 robe (almost dead)
You shoot a bolt.
You feel less confused.
Sigmund hits you from afar with a +0 scythe.
You die...

#####....####
.##...####
...........
..####.####
....###.....
....##......
...##......
###'##....♣♣
#.(@....♣..♣
#.......♣...
#....@.(♣
#.....(...
#.(....(..


You could see Sigmund.

Vanquished Creatures
  2 dart slugs (D:1)
  An endoplasm (D:2)
  3 giant cockroaches
  4 hobgoblins
  3 jackals
  3 quokkas (D:1)
  2 ball pythons (D:1)
  A frilled lizard (D:1)
  A kobold (D:1)
  A rat (D:1)
21 creatures vanquished.

Notes
Turn   | Place    | Note
-------+----------+-------------------------------------------
     0 | D:1      | Findor the Kobold Hunter began the quest for the Orb.
     0 | D:1      | Reached XP level 1. HP: 12/12 MP: 1/1
   111 | D:1      | Reached skill level 1 in Short Blades
   177 | D:1      | Reached XP level 2. HP: 7/17 MP: 2/2
   384 | D:1      | Reached skill level 5 in Crossbows
  1373 | D:2      | Reached XP level 3. HP: 14/21 MP: 3/3
  1953 | D:2      | Noticed Sigmund
  1961 | D:2      | HP: 1/21 [Sigmund (8)]
  1964 | D:2      | Slain by Sigmund

Levels and vault maps discovered:
D:1:      dpeg_arrival_shrine, layout_loops_cross
D:2:      layout_basic, chequers_garden, minmay_misc_feat_five, uniq_jessica,
          uniq_sigmund

Action                   || total
-------------------------++-------
Melee: Short sword       ||    68
 Fire: Hand crossbow     ||    12
 Stab: Sleeping          ||     9
Armor: Leather armour    ||    10
Dodge: Dodged            ||    53
